Map: Acropolis LE

Players

HoneyBadger

  • Race: Protoss Protoss
  • League: Diamond
  • Spawn Location: 11:00

MegroN - Winner!

  • Race: Zerg Zerg
  • League: Diamond
  • Spawn Location: 5:00

VOD

Have the link to the VOD?

Description

Time

  • Played on: June 21, 2019, 10:56 a.m.
  • Length: 11:35
Show
View Real Time Build Order
Export as new Build Order

HoneyBadger Protoss 

Build Orders: 1 Gate Expand, Oracle Opening 

Get SALT Encoding   

  12  0:01  Probe  
  13  0:13  Probe  
  14  0:19  Pylon  
  14  0:25  Probe  
  15  0:34  Probe  
  15  0:40  Gateway  
  15  0:42  Probe  
  16  0:49  Assimilator  
  17  0:52  Probe  
  18  1:04  Probe  
  19  1:23  Nexus  
  19  1:33  Cybernetics Core  
  19  1:36  Probe  
  20  1:45  Assimilator  
  20  1:48  Probe  
  20  1:51  Pylon  
  21  1:59  Adept  
  21  2:00  Probe  
  22  2:13  Probe  
  25  2:25  Probe  
  26  2:34  Stargate  
  26  2:39  Probe  
  26  2:41  Warp Gate  
  27  2:44  Probe  
  27  2:47  Probe  
  28  2:51  Gateway  
  28  2:57  Probe  
  28  2:58  Probe  
  31  3:09  Probe  
  31  3:10  Probe  
  33  3:18  Oracle, Probe  
  36  3:21  Probe  
  36  3:26  Probe  
  40  3:30  Sentry  
  40  3:33  Probe  
  42  3:36  Probe  
  42  3:38  Adept  
  45  3:43  Pylon  
  45  3:45  Probe  
  46  4:01  Phoenix, Probe x2  
  50  4:13  Probe  
  44  4:41  Probe x2  
  46  4:51  Probe  
  46  4:53  Probe  
  46  4:54  Nexus  
  46  4:56  Pylon, Adept x2  
  46  4:57  Pylon  
  46  4:59  Probe  
  52  5:01  Probe  
  54  5:12  Assimilator, Probe x2  
  54  5:15  Assimilator  
  54  5:16  Pylon  
  56  5:21  Twilight Council  
  56  5:24  Robotics Facility, Probe  
  56  5:25  Probe  
  56  5:27  Stalker  
  56  5:28  Stalker  
  62  5:36  Probe  
  62  5:37  Probe  
  62  5:48  Probe  
  62  5:49  Probe  
  59  5:57  Stalker x2  
  57  6:05  Shield Battery  
  55  6:13  Immortal  
  59  6:24  Stalker x2  
  49  6:34  Probe  
  49  6:35  Probe  
  49  6:36  Probe  
  50  6:42  Immortal, Probe  
  50  6:43  Probe  
  50  6:44  Probe  
  51  6:51  Probe  
  51  6:52  Probe x2  
  60  7:03  Probe x2  
  60  7:07  Pylon  
  62  7:15  Probe x2  
  64  7:21  Pylon  
  64  7:22  Observer  
  65  7:27  Stalker, Probe x2  
  65  7:28  Stalker  
  71  7:38  Shield Battery  
  71  7:39  Probe x2  
  71  7:41  Shield Battery  
  74  7:51  Shield Battery, Probe x2  
  75  8:00  Nexus  
  75  8:02  Stalker  
  75  8:04  Pylon, Probe  
  78  8:12  Void Ray  
  78  8:13  Pylon  
  78  8:16  Pylon  
  78  8:18  Probe  
  78  8:22  Probe  
  84  8:30  Probe  
  85  8:34  Probe  
  85  8:35  Immortal  
  85  8:37  Gateway  
  85  8:39  Gateway  
  86  8:42  Probe  
  86  8:43  Gateway  
  86  8:46  Probe  
  92  8:49  Charge  
  92  8:50  Sentry  
  92  8:51  Sentry  
  92  8:54  Probe  
  92  8:55  Void Ray  
  101  9:06  Probe  
  102  9:12  Probe  
  102  9:13  Gateway  
  102  9:15  Gateway  
  103  9:21  Gateway  
  103  9:22  Immortal  
  103  9:29  Adept x2  
  111  9:42  Assimilator  
  111  9:45  Assimilator  
  111  9:47  Void Ray  
  111  9:51  Zealot  
  117  9:56  Pylon  
  117  9:58  Pylon  
  117  10:01  Pylon  
  117  10:03  Warp Prism  
  117  10:04  Gateway  
  117  10:13  Gateway  
  119  10:23  Sentry x2  
  119  10:24  Sentry x6  
  134  10:49  Zealot x3  
  140  10:53  Pylon  
  140  10:56  Pylon  
  140  10:57  Pylon x2  
Show
View Real Time Build Order
Export as new Build Order

MegroN Zerg - Winner!

Build Orders: Hatch First 

Get SALT Encoding   

  12  0:06  Drone  
  13  0:08  Drone  
  14  0:21  Overlord  
  14  0:29  Drone, Extractor  
  14  0:30  Drone, Extractor  
  16  0:39  Drone  
  17  0:56  Hatchery  
  16  1:03  Drone x2  
  18  1:07  Extractor  
  17  1:18  Spawning Pool  
  17  1:22  Drone  
  17  1:24  Drone  
  18  1:34  Drone  
  19  1:43  Overlord  
  19  2:06  Queen  
  19  2:07  Metabolic Boost  
  21  2:16  Queen  
  23  2:28  Zergling x4  
  25  2:37  Hatchery  
  25  2:40  Zergling x2  
  25  2:41  Zergling x6  
  28  2:45  Drone  
  29  3:00  Drone x2  
  29  3:01  Drone  
  32  3:07  Drone  
  32  3:08  Drone  
  32  3:09  Baneling Nest  
  33  3:16  Roach Warren  
  33  3:17  Drone x2  
  35  3:22  Extractor  
  34  3:31  Drone  
  34  3:32  Drone  
  36  3:41  Spore Crawler  
  36  3:43  Drone x2, Spore Crawler  
  36  3:44  Overlord  
  36  3:49  Drone x2  
  38  3:56  Drone x2  
  38  3:57  Drone  
  38  3:59  Drone  
  40  4:28  Drone x4  
  40  4:30  Roach  
  40  4:31  Roach x3  
  49  4:32  Overlord  
  49  4:33  Overlord  
  48  4:47  Roach  
  48  4:49  Overlord x3  
  48  4:52  Spore Crawler  
  49  4:58  Zergling x10  
  54  5:12  Zergling x8  
  54  5:13  Zergling x10  
  60  6:01  Roach  
  60  6:02  Roach x7  
  64  6:27  Roach x2  
  64  6:28  Roach x3  
  64  6:29  Zergling x2  
  66  6:42  Drone x8  
  74  6:58  Extractor  
  74  6:59  Extractor  
  70  7:03  Zergling x8  
  70  7:04  Zergling x2, Hatchery  
  67  7:12  Hatchery  
  58  7:20  Zergling x14  
  63  7:29  Drone x3  
  62  7:30  Queen x2  
  64  7:42  Lair  
  62  7:45  Drone x4  
  62  7:48  Drone x2  
  62  7:49  Drone x4  
  68  8:03  Evolution Chamber  
  68  8:04  Roach x3  
  68  8:05  Evolution Chamber, Overlord  
  72  8:06  Overlord x2  
  72  8:12  Spine Crawler  
  72  8:14  Spine Crawler  
  72  8:17  Spine Crawler  
  69  8:23  Drone x3  
  69  8:25  Roach x5  
  82  8:32  Zerg Missile Weapons Level 1  
  82  8:34  Zerg Ground Armor Level 1  
  82  8:40  Drone x2, Evolution Chamber  
  82  8:41  Drone x3  
  84  8:42  Drone, Extractor  
  86  8:49  Roach x7  
  100  9:04  Drone x2  
  100  9:05  Drone  
  103  9:12  Overlord x4  
  103  9:18  Overseer  
  103  9:19  Overseer x2  
  103  9:20  Drone x4, Spire  
  105  9:31  Drone x6  
  109  9:32  Overlord  
  109  9:35  Overlord  
  111  9:43  Overseer x3  
  111  9:44  Glial Reconstitution  
  111  9:52  Overseer  
  111  10:17  Zergling x6  
  114  10:23  Spore Crawler  
  114  10:24  Spine Crawler  
  114  10:27  Spine Crawler, Drone x4, Extractor  
  114  10:28  Extractor  
  113  10:41  Mutalisk  
  113  10:42  Mutalisk x10  
  135  10:45  Mutalisk  
  137  10:57  Mutalisk  
  137  11:01  Zergling x14  
  137  11:02  Zergling x16  
  153  11:17  Overlord  
Tags
 
Add a new tag
Caveats
  • Supply blocks, unpowered buildings, or Contaminate may cause inaccurate times.
  • Supply counts are checked every 10 seconds.